[Event "Titled Tuesday Blitz April 11 Late 2023"]
[White "Stanisz, Patryk"]
[Black "Papayan, Oleg"]
[WhiteFideId "1123106"]
[BlackFideId "4193911"]
[WhiteElo "2069"]
[BlackElo "2153"]
[Result "0-1"]
[Round "04"]
[TimeControl "180+2"]
[Date "2023.04.11"]
[WhiteClock "0:00:01"]
[BlackClock "0:00:22"]

1. d4 Nf6 2. c4 e6 3. Nc3 Bb4 4. e3 O-O 5. Ne2 c6 6. a3 Ba5 7. b4 Bc7 8. Ng3 d5 9. cxd5 exd5 10. Bd3 a5 11. b5 Bg4 12. Qc2 Re8 13. O-O h5 14. Nf5 Nbd7 15. h3 Bxf5 16. Bxf5 Nb6 17. bxc6 bxc6 18. Na4 Qd6 19. g3 Nxa4 20. Qxa4 h4 21. Qc2 hxg3 22. f4 Ne4 23. Bxe4 Rxe4 24. Rf3 Qh6 25. Kg2 Rae8 26. Rxg3 R8e6 27. Ra2 Rg6 28. Qf2 Rxg3+ 29. Qxg3 Re6 30. Kh2 Qh7 31. Rg2 g6 32. f5 Bxg3+ 33. Rxg3 Re4 34. fxg6 fxg6 35. Bd2 Qf7 36. Kg2 Kh7 37. Rf3 Qa7 38. a4 Qa6 39. Rf7+ Kg8 40. Rf3 Qe2+ 41. Rf2 Qd3 42. Bxa5 Rxe3 43. Bc7 Rxh3 0-1


[Site "https://www.chess.com"]

[Event "Titled Tuesday Blitz April 11 Late 2023"]
[White "Jonkman, Harmen"]
[Black "Sariego Figueredo, Wilfredo"]
[WhiteFideId "1002708"]
[BlackFideId "3500080"]
[WhiteElo "2368"]
[BlackElo "2309"]
[Result "1-0"]
[Round "04"]
[TimeControl "180+2"]
[Date "2023.04.11"]
[WhiteClock "0:00:02"]
[BlackClock "0:00:02"]

1. e4 c5 2. Nf3 a6 3. c3 d5 4. exd5 Qxd5 5. d4 e6 6. Nbd2 cxd4 7. Nxd4 Nf6 8. Qb3 Bc5 9. N2f3 O-O 10. Be3 Nc6 11. Nxc6 Qxc6 12. Bxc5 Qxc5 13. Be2 b5 14. O-O Bb7 15. a4 Bd5 16. Qa3 Qxa3 17. Rxa3 Rab8 18. axb5 axb5 19. Ra5 Bc4 20. Nd4 Bxe2 21. Nxe2 b4 22. c4 Rfc8 23. Rc1 Ne4 24. Nd4 h6 25. c5 Rb7 26. c6 Rbc7 27. Ra6 Nd6 28. Rb6 e5 29. Nb3 f6 30. f3 Nf5 31. Kf2 Ne7 32. Na5 Ra8 33. Rb7 Rac8 34. Rxb4 Ra8 35. Rb7 Rac8 36. Rxc7 Rxc7 37. b4 Nd5 38. b5 Nb6 39. Nb7 1-0


[Site "https://www.chess.com"]

[Event "Titled Tuesday Blitz April 11 Late 2023"]
[White "Shapiro, Viktor"]
[Black "Dahlgren, James Allen"]
[WhiteFideId "4175700"]
[BlackFideId "22256873"]
[WhiteElo "2152"]
[BlackElo "1824"]
[Result "1-0"]
[Round "04"]
[TimeControl "180+2"]
[Date "2023.04.11"]
[WhiteClock "0:01:53"]
[BlackClock "0:01:31"]

1. c4 e6 2. g3 c5 3. Bg2 d5 4. Nf3 Nf6 5. O-O Nc6 6. Nc3 Be7 7. d3 Kf8 8. e4 d4 9. Ne2 e5 10. h3 h6 11. Nh4 g5 12. Nf5 Bxf5 13. exf5 Kg7 14. g4 Qc7 15. Ng3 Rab8 16. b3 b5 17. cxb5 Rxb5 18. Bd2 Nb4 19. Bxb4 cxb4 20. Rc1 Rc5 21. Rc4 a5 22. Qe2 Rxc4 23. dxc4 Bc5 24. Ne4 Re8 25. Nxf6 Kxf6 26. Be4 Kg7 27. Qf3 f6 28. Kg2 Re7 29. h4 Re8 30. Rh1 Rh8 31. Bd5 Qd8 32. Qe4 Rh7 33. Kf3 Qe7 34. Ke2 Kf8 35. Kd3 Ke8 36. Be6 Kf8 37. Qa8+ Kg7 38. Qg8# 1-0


[Site "https://www.chess.com"]

[Event "Titled Tuesday Blitz April 11 Late 2023"]
[White "Gonzalez, Francisco Silva"]
[Black "Barria Santos, Jose Guilherme"]
[WhiteFideId "1512285"]
[BlackFideId "1939300"]
[WhiteElo "2074"]
[BlackElo "2266"]
[Result "0-1"]
[Round "04"]
[TimeControl "180+2"]
[Date "2023.04.11"]
[WhiteClock "0:00:42"]
[BlackClock "0:01:22"]

1. d4 e6 2. c4 d5 3. Nc3 Be7 4. Nf3 a6 5. cxd5 exd5 6. Qb3 c6 7. e4 dxe4 8. Nxe4 Nf6 9. Nxf6+ Bxf6 10. Bc4 O-O 11. O-O h6 12. a4 b5 13. axb5 cxb5 14. Bxb5 Bb7 15. Be2 Bd5 16. Qd1 Nc6 17. Be3 Rb8 18. Rxa6 Rxb2 19. Ra1 Qb6 20. Bd3 Rd8 21. Bc1 Bxf3 22. gxf3 Rb4 23. Ra6 Qxd4 24. Rxc6 Qxd3 25. Qxd3 Rxd3 26. Be3 Rb5 27. Rxf6 gxf6 28. f4 Kh7 29. Kg2 Kg6 30. Kf3 Kf5 31. Rc1 Rd8 32. Rc7 Kg6 33. h3 Rd1 34. Kg2 Rb2 35. f5+ Kg7 36. Rc6 Rb5 37. Bc5 Rd5 38. Be3 Rxf5 39. Kg3 Kg6 40. Rc8 h5 41. Rg8+ Kh7 42. Rf8 Kg7 43. Re8 Rbe5 44. Rd8 Re4 45. Kg2 Rfe5 46. Kf3 Ra4 47. Rd6 Rf5+ 48. Kg2 Ra8 49. Kg3 Rg8 50. Kh2 Kf8 51. Rd8+ Kg7 52. Bh6+ Kh7 53. Be3 Rxd8 0-1


[Site "https://www.chess.com"]

[Event "Titled Tuesday Blitz April 11 Late 2023"]
[White "Almeida Junior, Alvaro Alves de"]
[Black "Ladan, Nicholas"]
[WhiteFideId "2149974"]
[BlackFideId "30918855"]
[WhiteElo "2122"]
[BlackElo "2167"]
[Result "1-0"]
[Round "04"]
[TimeControl "180+2"]
[Date "2023.04.11"]
[WhiteClock "0:00:10"]
[BlackClock "0:00:02"]

1. e4 e5 2. Nf3 Nc6 3. Bc4 Nf6 4. O-O Nxe4 5. Nc3 Nxc3 6. dxc3 d6 7. Ng5 Be6 8. Nxe6 fxe6 9. Bxe6 Qf6 10. Bd5 O-O-O 11. Qg4+ Kb8 12. Bg5 Qg6 13. Bxc6 bxc6 14. Qb4+ Kc8 15. Bxd8 Kxd8 16. Rad1 Kd7 17. Rfe1 Qf5 18. Rd3 Be7 19. Qb3 h5 20. Rf3 Qe6 21. c4 h4 22. Qd3 c5 23. Qf5 Qxf5 24. Rxf5 Ke6 25. Rf3 g5 26. Ra3 Ra8 27. h3 Bf6 28. Ra6 Kf5 29. Re3 e4 30. Rb3 Bd4 31. Kf1 Re8 32. c3 Bf6 33. Rxa7 e3 34. fxe3 Rxe3 35. Rxc7 Be5 36. Rf7+ Ke4 37. Rf2 Rd3 38. Re2+ Kf4 39. Rb7 Kg3 40. Ke1 Bf4 41. Rbe7 d5 42. cxd5 Rxd5 43. a4 c4 44. R7e4 Rd7 45. Rxc4 Rb7 46. Rd4 Rb3 47. Rd3+ Kh2 48. g3+ Kxh3 49. gxf4+ Kg4 50. fxg5 h3 51. Re4+ Kf5 52. Ree3 h2 53. Rh3 Kg4 54. Rdg3+ Kf4 55. Rg2 Rxb2 56. Rxb2 h1=Q+ 57. Rxh1 Kxg5 58. Rf2 Kg4 59. Rg1+ Kh3 60. Rg8 Kh4 61. Rh2# 1-0


[Site "https://www.chess.com"]

[Event "Titled Tuesday Blitz April 11 Late 2023"]
[White "Bochnicka, Vladimir"]
[Black "Tarnowska, Aleksandra"]
[WhiteFideId "14943450"]
[BlackFideId "1180967"]
[WhiteElo "2094"]
[BlackElo "1776"]
[Result "1-0"]
[Round "04"]
[TimeControl "180+2"]
[Date "2023.04.11"]
[WhiteClock "0:01:22"]
[BlackClock "0:00:17"]

1. e4 c5 2. Nf3 e6 3. g3 Nc6 4. Bg2 Be7 5. O-O d6 6. d3 Nf6 7. h3 O-O 8. c3 d5 9. Qe2 dxe4 10. dxe4 e5 11. Nbd2 Be6 12. Ng5 Qc8 13. Nxe6 Qxe6 14. Nc4 b5 15. Ne3 Rab8 16. a4 b4 17. Nd5 Na5 18. Be3 bxc3 19. bxc3 Rb3 20. Rab1 Rfb8 21. Rxb3 Rxb3 22. Rd1 h6 23. Nxe7+ Qxe7 24. Qa6 Qc7 25. Bxh6 gxh6 26. Qxf6 Rb6 27. Rd8+ Kh7 28. Rh8# 1-0


[Site "https://www.chess.com"]

[Event "Titled Tuesday Blitz April 11 Late 2023"]
[White "Filgueiras, Nathan Felipe"]
[Black "Melikhov, Evgeny V."]
[WhiteFideId "2188562"]
[BlackFideId "4122046"]
[WhiteElo "2241"]
[BlackElo "2158"]
[Result "1/2-1/2"]
[Round "04"]
[TimeControl "180+2"]
[Date "2023.04.11"]
[WhiteClock "0:00:53"]
[BlackClock "0:00:13"]

1. e4 c5 2. Nf3 d6 3. c4 Nc6 4. Nc3 g6 5. d4 cxd4 6. Nxd4 Bg7 7. Be3 Nf6 8. Be2 O-O 9. O-O Nxd4 10. Bxd4 Bd7 11. f4 Bc6 12. Bf3 Nd7 13. Kh1 Bxd4 14. Qxd4 Qb6 15. Qd2 Rfc8 16. b3 a5 17. Nd5 Bxd5 18. exd5 a4 19. Rae1 axb3 20. axb3 Qxb3 21. Rxe7 Nc5 22. Qd4 Re8 23. Rc7 Qd3 24. Qxd3 Nxd3 25. Rxb7 Nxf4 26. h3 Nd3 27. Rd7 Rad8 28. Ra7 Ra8 29. Rd7 Rad8 30. Ra7 Ne5 31. Be2 Rd7 32. Ra6 Kg7 33. c5 Red8 34. c6 Rc7 35. Rb1 f5 36. Rb7 Rc8 37. Raa7 Rxb7 38. Rxb7+ Kf6 39. Ba6 Nxc6 40. Rb6 Re8 41. Rxc6 Re1+ 42. Kh2 Ke5 43. Rc7 Kxd5 44. Rxh7 f4 45. Rg7 Ra1 46. Bd3 Ra2 47. Rxg6 f3 48. Bf1 fxg2 49. Rxg2 Rxg2+ 50. Bxg2+ Ke5 51. Kg3 Kf6 52. Kf3 Kg7 53. Ke3 Kh8 54. Kd4 d5 55. Kxd5 Kg7 56. Kd6 Kh8 57. h4 Kg7 58. h5 Kh8 59. h6 Kh7 60. Be4+ Kxh6 1/2-1/2


[Site "https://www.chess.com"]

[Event "Titled Tuesday Blitz April 11 Late 2023"]
[White "Winkels, Marcel"]
[Black "Kaplan, Avi Harrison"]
[WhiteFideId "1003887"]
[BlackFideId "30934559"]
[WhiteElo "1900"]
[BlackElo "1983"]
[Result "0-1"]
[Round "04"]
[TimeControl "180+2"]
[Date "2023.04.11"]
[WhiteClock "0:00:01"]
[BlackClock "0:00:15"]

1. d4 Nf6 2. Nc3 g6 3. e4 d6 4. f4 Bg7 5. Nf3 O-O 6. Be2 a6 7. O-O b5 8. a3 Bb7 9. e5 dxe5 10. fxe5 Nd5 11. Ne4 Nd7 12. Nfg5 e6 13. Nf3 Rc8 14. Bd3 c5 15. Nd6 Rb8 16. Nxb7 Rxb7 17. c3 cxd4 18. cxd4 Qb6 19. Kh1 h6 20. Bd2 Kh7 21. Qe1 Nb8 22. Qh4 Nc6 23. Ng5+ Kg8 24. Nf3 Kh7 25. Ng5+ Kg8 26. Nf3 h5 27. Bg5 Nde7 28. Bf6 Nf5 29. Bxf5 exf5 30. d5 Na5 31. d6 Nc4 32. Bxg7 Kxg7 33. Qf6+ Kg8 34. Ng5 Qd8 35. Qxd8 Rxd8 36. Rfe1 Nxb2 37. Rac1 Nd3 38. Rc7 Rxc7 39. dxc7 Rc8 40. Re3 Rxc7 41. h4 Nf4 42. e6 Nxe6 43. Nxe6 fxe6 44. Rxe6 Kf7 45. Rxa6 Rc4 46. Ra5 Rxh4+ 47. Kg1 Ra4 48. Rxb5 Rxa3 49. Rb6 Kg7 50. Kf2 Kh6 51. Rc6 Kg5 52. Rc5 Ra2+ 53. Kg3 Ra3+ 54. Kf2 h4 55. Rb5 Ra2+ 56. Kf3 Ra3+ 57. Kf2 Kg4 58. Rb4+ f4 59. Rb6 Ra2+ 60. Kf1 g5 61. Rb5 f3 62. gxf3+ Kxf3 63. Rf5+ Kg4 64. Rc5 Ra4 65. Kg2 Rf4 66. Ra5 h3+ 67. Kh2 Rf2+ 68. Kg1 Rb2 69. Ra4+ Kg3 70. Ra3+ Kh4 71. Kh1 g4 72. Kg1 Rb1+ 73. Kh2 g3+ 74. Rxg3 Rb2+ 75. Rg2 Rxg2+ 76. Kh1 Rg8 77. Kh2 Kg4 78. Kh1 Kg3 79. Kg1 Rf8 0-1


[Site "https://www.chess.com"]

[Event "Titled Tuesday Blitz April 11 Late 2023"]
[White "Kovalevsky, Stanislav"]
[Black "Hartikainen, Jarmo"]
[WhiteFideId "13508598"]
[BlackFideId "503134"]
[WhiteElo "2174"]
[BlackElo "2108"]
[Result "1-0"]
[Round "04"]
[TimeControl "180+2"]
[Date "2023.04.11"]
[WhiteClock "0:00:38"]
[BlackClock "0:00:11"]

1. c4 Nf6 2. Nc3 c5 3. g3 g6 4. Bg2 Bg7 5. a3 O-O 6. Rb1 d6 7. b4 Nbd7 8. bxc5 dxc5 9. e3 Rb8 10. Nge2 b6 11. d4 Bb7 12. d5 Ne5 13. Qa4 Qd7 14. Qxd7 Nfxd7 15. O-O Nxc4 16. Rd1 Rfd8 17. e4 e5 18. a4 Nd6 19. Nb5 Nxb5 20. axb5 a6 21. Nc3 axb5 22. Nxb5 Ra8 23. Bg5 f6 24. Be3 Ra5 25. Bh3 Ba6 26. Be6+ Kh8 27. Nd6 Bf8 28. Nf7+ Kg7 29. Nxd8 1-0


[Site "https://www.chess.com"]

[Event "Titled Tuesday Blitz April 11 Late 2023"]
[White "Eisa Mohmood, Alkhoori"]
[Black "Bas Mas, Jose Joaquin"]
[WhiteFideId "9316116"]
[BlackFideId "22219064"]
[WhiteElo "1310"]
[BlackElo "2233"]
[Result "0-1"]
[Round "04"]
[TimeControl "180+2"]
[Date "2023.04.11"]
[WhiteClock "0:01:06"]
[BlackClock "0:01:03"]

1. e4 e6 2. d4 d5 3. Nc3 Nf6 4. Bg5 dxe4 5. Nxe4 Be7 6. Nxf6+ Bxf6 7. Bxf6 Qxf6 8. Nf3 O-O 9. Bd3 c5 10. c3 cxd4 11. Nxd4 a6 12. O-O e5 13. Nf3 Bg4 14. Be4 Nc6 15. Qb3 Rab8 16. h3 Be6 17. Qb6 Bc4 18. Rfe1 g6 19. b3 Be6 20. Bxc6 bxc6 21. Qxc6 Rbc8 22. Qxa6 Rxc3 23. Nxe5 Qg5 24. Nf3 Rxf3 25. Rxe6 fxe6 26. Qxe6+ R3f7 27. a4 Kg7 28. Rf1 Qf5 29. Qc4 Rc8 30. Qd4+ Qf6 31. Qd5 Rc2 32. f4 Re2 33. a5 Qe6 34. Qd4+ Kh6 35. Kh1 Re1 36. Rxe1 Qxe1+ 37. Kh2 Qxa5 38. Qe3 Qf5 39. g4 Qxf4+ 0-1


[Site "https://www.chess.com"]

[Event "Titled Tuesday Blitz April 11 Late 2023"]
[White "Dzida, Kamil"]
[Black "Steenbekkers, Franck"]
[WhiteFideId "21828652"]
[BlackFideId "1004220"]
[WhiteElo "2139"]
[BlackElo "2164"]
[Result "1-0"]
[Round "04"]
[TimeControl "180+2"]
[Date "2023.04.11"]
[WhiteClock "0:00:21"]
[BlackClock "0:00:01"]

1. f3 d5 2. Kf2 e5 3. e3 Bd6 4. Ne2 f5 5. g3 Nf6 6. Bg2 Be6 7. Rf1 Nc6 8. d4 e4 9. f4 h5 10. h4 Ng4+ 11. Kg1 O-O 12. Bd2 Ne7 13. b3 Ng6 14. Bh3 Nxh4 15. Bxg4 hxg4 16. gxh4 Qxh4 17. Qe1 Qh5 18. Qg3 g5 19. Kg2 Kg7 20. Nbc3 Rh8 21. Rh1 Qg6 22. Nb5 Rh3 23. Rxh3 gxh3+ 24. Kh2 g4 25. Nxd6 cxd6 26. Qh4 Rh8 27. Qe7+ Bf7 28. Ng3 Rc8 29. Rc1 Qe6 30. Qg5+ Bg6 31. Bb4 b5 32. c3 Rc6 33. Ba5 Ra6 34. b4 Rc6 35. Bd8 Rc8 36. Qe7+ Qxe7 37. Bxe7 Rc6 38. Ne2 Kf7 39. Bh4 Ke6 40. Rb1 Ra6 41. Nc1 Ra3 42. Rb3 Ra4 43. Be1 Bh5 44. Kg3 Kd7 45. Kh2 Ra6 46. Bg3 Rc6 47. Ra3 Rc7 48. Kg1 Kc8 49. Kf2 Kb7 50. Nb3 a6 51. Na5+ Kb6 52. Rb3 Rh7 53. Kg1 Be8 54. Kh2 Bc6 55. Rb2 Bd7 56. Rb1 Be6 57. Ra1 Bd7 58. Nb3 Be8 59. Be1 Bd7 60. Nd2 Be8 61. Nf1 Bd7 62. Ng3 Be6 63. a4 Bd7 64. axb5 axb5 65. Ra5 Rh8 66. Nf1 Rc8 67. Bd2 Rg8 68. Ng3 1-0


[Site "https://www.chess.com"]

[Event "Titled Tuesday Blitz April 11 Late 2023"]
[White "Thorfinnsson, Bjorn"]
[Black "Jimenez Jimenez, Leandro"]
[WhiteFideId "2300982"]
[BlackFideId "6415253"]
[WhiteElo "2395"]
[BlackElo "2263"]
[Result "1-0"]
[Round "04"]
[TimeControl "180+2"]
[Date "2023.04.11"]
[WhiteClock "0:00:50"]
[BlackClock "0:00:15"]

1. d4 Nf6 2. Nf3 e6 3. Bg5 d5 4. e3 Be7 5. Bd3 O-O 6. Nbd2 b6 7. c3 Bb7 8. Qc2 Nbd7 9. g4 Re8 10. Bxf6 Nxf6 11. g5 Ne4 12. Nxe4 dxe4 13. Bxe4 Bxe4 14. Qxe4 Bxg5 15. Rg1 Bh6 16. O-O-O Qe7 17. Ne5 f5 18. Qf3 c5 19. Qh3 Kh8 20. Qh5 Rf8 21. Kb1 cxd4 22. exd4 Rf6 23. Rg2 b5 24. Rdg1 Rc8 25. a3 a5 26. Nd3 Rff8 27. f3 Qc7 28. Re1 Qc4 29. Ne5 Qc7 30. Nd3 Qc4 31. Rd1 Rb8 32. Ne5 Qc7 33. Rc2 Kg8 34. Qh4 Qd6 35. Qg3 Kh8 36. Ng6+ hxg6 37. Qxd6 1-0


[Site "https://www.chess.com"]

[Event "Titled Tuesday Blitz April 11 Late 2023"]
[White "Karas, Marek"]
[Black "Gurevich, Dmitry"]
[WhiteFideId "14928558"]
[BlackFideId "2000407"]
[WhiteElo "2233"]
[BlackElo "2506"]
[Result "1-0"]
[Round "04"]
[TimeControl "180+2"]
[Date "2023.04.11"]
[WhiteClock "0:00:17"]
[BlackClock "0:00:59"]

1. d4 Nf6 2. Nf3 e6 3. c4 a6 4. Nc3 c5 5. d5 b5 6. Bg5 b4 7. Ne4 Be7 8. Nxf6+ Bxf6 9. Bxf6 Qxf6 10. Qd2 exd5 11. cxd5 d6 12. e4 Bg4 13. Be2 Nd7 14. O-O O-O 15. Rfe1 Rfe8 16. h3 Bh5 17. Nh2 Bg6 18. f3 a5 19. Nf1 a4 20. Ne3 h5 21. Nc4 Ne5 22. Rad1 a3 23. b3 Nxc4 24. Bxc4 Qb2 25. Re2 Qxd2 26. Rdxd2 h4 27. Kf2 Kf8 28. Re3 f5 29. Bd3 fxe4 30. Bxe4 Bxe4 31. fxe4 Ra7 32. Ke2 Rf7 33. Kd3 Rf4 34. Rde2 Re5 35. Rf3 Rxf3+ 36. gxf3 Rg5 37. f4 Rg3+ 38. Kc4 Rf3 39. f5 Ke7 40. e5 Rc3+ 41. Kb5 dxe5 42. Rxe5+ Kd6 43. Re4 Rc2 44. Rc4 Rxc4 45. Kxc4 1-0


[Site "https://www.chess.com"]

[Event "Titled Tuesday Blitz April 11 Late 2023"]
[White "Korkmaz, Necmettin"]
[Black "Kopacz, Grzegorz"]
[WhiteFideId "6303285"]
[BlackFideId "1109880"]
[WhiteElo "2097"]
[BlackElo "2037"]
[Result "1-0"]
[Round "04"]
[TimeControl "180+2"]
[Date "2023.04.11"]
[WhiteClock "0:01:19"]
[BlackClock "0:00:06"]

1. e4 c5 2. Nc3 Nc6 3. f3 g6 4. f4 Bg7 5. Nf3 e6 6. Bc4 Nge7 7. O-O O-O 8. d3 d5 9. Bb3 Nd4 10. Nxd4 cxd4 11. Ne2 dxe4 12. dxe4 Nc6 13. e5 b6 14. Ng3 Na5 15. Qe2 Nxb3 16. axb3 Bb7 17. Rd1 Qd5 18. Be3 Qxg2+ 19. Qxg2 Bxg2 20. Kxg2 dxe3 21. Kf3 Rfc8 22. c3 Bf8 23. Kxe3 Bc5+ 24. Kf3 Rc7 25. Ne4 Be7 26. Ra4 Kg7 27. Rad4 Rac8 28. Rd7 Kf8 29. Nf6 Bxf6 30. exf6 Ke8 31. R7d4 b5 32. b4 Rc4 33. Rd7 R4c7 34. R7d6 Rc6 35. R6d4 Rc4 36. R4d2 R4c7 37. Kg4 h6 38. h4 h5+ 39. Kg5 Rc4 40. Rd7 R4c7 41. R7d6 Rc6 42. R6d4 Rc4 43. Kh6 Rxd4 44. Rxd4 Rc7 45. Kg7 Rc8 46. Rd6 Rc7 47. Ra6 Rb7 48. b3 Rc7 49. c4 bxc4 50. bxc4 Rxc4 51. Rxa7 Rxb4 52. Ra8+ Kd7 53. Kxf7 Rxf4 54. Kxg6 Rxh4 55. f7 1-0


[Site "https://www.chess.com"]

[Event "Titled Tuesday Blitz April 11 Late 2023"]
[White "Krishnan, Varun"]
[Black "Cigan, Jason"]
[WhiteFideId "5054508"]
[BlackFideId "2064022"]
[WhiteElo "2341"]
[BlackElo "2000"]
[Result "1/2-1/2"]
[Round "04"]
[TimeControl "180+2"]
[Date "2023.04.11"]
[WhiteClock "0:00:07"]
[BlackClock "0:01:03"]

1. d4 Nf6 2. c4 g6 3. g3 c6 4. Bg2 d5 5. Nf3 Bg7 6. O-O O-O 7. b3 dxc4 8. bxc4 c5 9. e3 Nc6 10. Bb2 Qb6 11. Qb3 Ne4 12. Nc3 Nxc3 13. Bxc3 cxd4 14. Qxb6 axb6 15. Nxd4 Bd7 16. Rfd1 Nxd4 17. Bxd4 Bc6 18. Bxg7 Kxg7 19. Bxc6 bxc6 20. Rd7 Rfd8 21. Rxe7 Rd2 22. Rb7 Ra6 23. a3 h5 24. Rb1 Rxa3 25. R7xb6 Raa2 26. Rf1 Rd6 27. Rb4 Rc2 28. Ra4 Re6 29. Rd1 Rf6 30. f4 Re6 31. Rd3 Re4 32. Rb4 Rexc4 33. Rxc4 Rxc4 34. h3 Rc2 35. g4 h4 36. e4 c5 37. e5 c4 38. Rd7 Kf8 39. f5 gxf5 40. gxf5 Re2 41. Rd5 Ke7 42. Rc5 Re3 43. Rxc4 Rxe5 44. Rxh4 Rxf5 45. Kg2 Kf6 46. Rg4 Ra5 47. Kg3 Ra3+ 48. Kh4 Ke5 49. Rg3 Ra8 50. Kg4 f5+ 51. Kf3 Ra3+ 52. Kf2 Ra2+ 53. Kf1 Kf4 54. Rb3 Rh2 55. Kg1 Rc2 56. Kf1 Kg5 57. Kg1 Kh4 58. Kf1 Rh2 59. Kg1 Rxh3 60. Rxh3+ Kxh3 61. Kf2 Kg4 62. Kg2 Kf4 63. Kf2 Ke4 64. Ke2 Kf4 65. Kf2 Kg4 66. Kg2 f4 67. Kf2 Kf5 68. Kf3 Ke5 69. Ke2 Ke4 70. Kf2 f3 71. Kf1 Ke3 72. Ke1 f2+ 73. Kf1 Kf3 1/2-1/2


[Site "https://www.chess.com"]

[Event "Titled Tuesday Blitz April 11 Late 2023"]
[White "Sanchez Alvares, Kelvin Antonio"]
[Black "Rian, Kapriaga"]
[WhiteFideId "3906680"]
[BlackFideId "7103263"]
[WhiteElo "2217"]
[BlackElo "2089"]
[Result "1/2-1/2"]
[Round "04"]
[TimeControl "180+2"]
[Date "2023.04.11"]
[WhiteClock "0:00:17"]
[BlackClock "0:00:07"]

1. e4 c6 2. d4 d5 3. e5 Bf5 4. Nc3 e6 5. g4 Bg6 6. Nge2 Bb4 7. a3 Bxc3+ 8. Nxc3 Ne7 9. Be3 Nd7 10. f4 h5 11. f5 exf5 12. g5 Nf8 13. h4 Ne6 14. Qd2 Qb6 15. O-O-O O-O 16. Bg2 Rfd8 17. Qf2 Rac8 18. Na4 Qc7 19. Bf3 a5 20. Qe2 b5 21. Nc3 b4 22. Nb1 bxa3 23. Nxa3 f4 24. Bf2 c5 25. Bxh5 Bxh5 26. Qxh5 cxd4 27. Rhe1 Nf5 28. g6 Ne3 29. gxf7+ Qxf7 30. Qxf7+ Kxf7 31. Rd3 Rc5 32. Kb1 Kg6 33. Re2 Kf5 34. c3 dxc3 35. Bxe3 fxe3 36. Rexe3 d4 37. Rf3+ Kxe5 38. bxc3 dxc3 39. Rfe3+ Kf5 40. Rf3+ Kg6 41. Rg3+ Kf6 42. Rxc3 Rxc3 43. Rxc3 Rd4 44. Nc4 Rxh4 45. Nxa5 Ra4 46. Nb3 g5 47. Kc2 g4 48. Rc6 Kf5 49. Rxe6 Ra2+ 50. Kb1 Kxe6 51. Kxa2 g3 52. Nd2 g2 53. Nf3 Kf5 54. Ng1 Kf4 55. Kb2 Ke3 56. Kc2 Kf2 57. Nh3+ Kf1 58. Kd2 g1=Q 59. Nxg1 1/2-1/2


[Site "https://www.chess.com"]

[Event "Titled Tuesday Blitz April 11 Late 2023"]
[White "Rios Escobar, Adan"]
[Black "De Souza, Cristiano Gomes"]
[WhiteFideId "3403645"]
[BlackFideId "2151758"]
[WhiteElo "2234"]
[BlackElo "2068"]
[Result "1-0"]
[Round "04"]
[TimeControl "180+2"]
[Date "2023.04.11"]
[WhiteClock "0:01:21"]
[BlackClock "0:01:07"]

1. d4 Nf6 2. g3 g6 3. Bg2 Bg7 4. e4 d6 5. Ne2 O-O 6. O-O c6 7. a4 a6 8. a5 Nbd7 9. Nbc3 e5 10. h3 exd4 11. Nxd4 Nc5 12. Re1 Ne6 13. Be3 Nxd4 14. Bxd4 Ne8 15. Bxg7 Nxg7 16. Qd2 Qe7 17. Rad1 Rd8 18. Na4 Ne6 19. Nb6 Rb8 20. b4 Nc7 21. c4 Be6 22. Kh2 Na8 23. Na4 Bxc4 24. Re3 Bb5 25. Nc3 Nc7 26. f4 c5 27. Nxb5 Nxb5 28. Rd3 Nd4 29. Rc1 Rbc8 30. h4 Rc7 31. h5 Kg7 32. h6+ Kxh6 33. e5 Kg7 34. exd6 Rxd6 35. bxc5 Re6 36. Rxd4 Re2 37. Qc3 Kg8 38. Rcd1 Rc8 39. Rd7 Qe4 40. Rd8+ 1-0


[Site "https://www.chess.com"]

[Event "Titled Tuesday Blitz April 11 Late 2023"]
[White "Wu, Brandon"]
[Black "Gonzalez Zamora, Juan Carlos"]
[WhiteFideId "30909228"]
[BlackFideId "3507548"]
[WhiteElo "2123"]
[BlackElo "2535"]
[Result "1-0"]
[Round "04"]
[TimeControl "180+2"]
[Date "2023.04.11"]
[WhiteClock "0:00:13"]
[BlackClock "0:00:02"]

1. d4 Nf6 2. Nf3 g6 3. c4 Bg7 4. g3 d6 5. Bg2 O-O 6. O-O Nc6 7. Nc3 Bg4 8. h3 Bxf3 9. Bxf3 Nd7 10. Bxc6 bxc6 11. f4 Rb8 12. e4 c5 13. d5 Rb4 14. Qd3 Qb8 15. b3 e6 16. Bd2 Re8 17. Rae1 Rb7 18. e5 Nf8 19. Ne4 Rd8 20. Bc3 dxe5 21. Nxc5 exd5 22. Nxb7 Qxb7 23. cxd5 Rxd5 24. Qe4 Qb6+ 25. Kh2 Qc5 26. Bxe5 Ne6 27. Bxg7 Kxg7 28. Re2 Nd4 29. Rg2 Nf5 30. Re1 Qd6 31. a4 Nd4 32. b4 Ne6 33. b5 Rd4 34. Qe5+ Qxe5 35. Rxe5 Rxa4 36. f5 Kf6 37. Rd5 gxf5 38. Rf2 f4 39. gxf4 Ke7 40. f5 Ng5 41. Re2+ Kf6 42. Rc5 Nf3+ 43. Kg3 Nd4 44. Rf2 Ra3+ 45. Kg2 h6 46. Rxc7 Nb3 47. Rc6+ Kg5 48. Rc3 a5 49. bxa6 1-0


[Site "https://www.chess.com"]

[Event "Titled Tuesday Blitz April 11 Late 2023"]
[White "Qashashvili, Alexandre"]
[Black "Davtyan, David Arm."]
[WhiteFideId "13600842"]
[BlackFideId "13310046"]
[WhiteElo "2405"]
[BlackElo "2274"]
[Result "0-1"]
[Round "04"]
[TimeControl "180+2"]
[Date "2023.04.11"]
[WhiteClock "0:00:01"]
[BlackClock "0:00:16"]

1. e4 Nc6 2. Nc3 d6 3. Nf3 Nf6 4. Bc4 g6 5. d3 Bg7 6. Be3 O-O 7. Qd2 Re8 8. Bh6 Bh8 9. h4 Ng4 10. Bf4 e5 11. Bg3 Na5 12. O-O-O Nxc4 13. dxc4 Be6 14. Nd5 c6 15. Ne3 Nxe3 16. Qxe3 Bxc4 17. h5 Qe7 18. hxg6 fxg6 19. Qh6 Rad8 20. Ng5 Rd7 21. b3 Be2 22. Rd2 Bh5 23. Nf3 Bf6 24. Rxh5 gxh5 25. Qxh5 d5 26. exd5 e4 27. Nh4 Bg5 28. d6 Bxd2+ 29. Kxd2 Rxd6+ 30. Bxd6 Qxd6+ 31. Kc1 Qf4+ 32. Kb1 Rd8 33. g3 Qf6 34. Qg4+ Kh8 35. Nf5 Qe5 36. Ne3 Qg7 37. Qxe4 h6 0-1


[Site "https://www.chess.com"]

[Event "Titled Tuesday Blitz April 11 Late 2023"]
[White "Zaksaite, Salomeja"]
[Black "Spitzl, Vinzent"]
[WhiteFideId "12801496"]
[BlackFideId "12901253"]
[WhiteElo "2059"]
[BlackElo "2225"]
[Result "0-1"]
[Round "04"]
[TimeControl "180+2"]
[Date "2023.04.11"]
[WhiteClock "0:00:04"]
[BlackClock "0:01:17"]

1. e4 c5 2. Nf3 d6 3. d4 cxd4 4. Nxd4 Nf6 5. Nc3 a6 6. Bc4 e6 7. Bb3 Nc6 8. Be3 Qc7 9. Qe2 Na5 10. O-O-O Nxb3+ 11. axb3 Be7 12. g4 b5 13. g5 Nd7 14. f4 Nc5 15. b4 Na4 16. Nxa4 bxa4 17. f5 e5 18. Nf3 g6 19. h4 gxf5 20. exf5 Bxf5 21. Ne1 Rc8 22. Rf1 Be6 23. h5 a3 24. bxa3 Qc3 25. Qxa6 Qxe3+ 26. Kb1 Qc3 27. g6 hxg6 28. hxg6 fxg6 0-1


[Site "https://www.chess.com"]

[Event "Titled Tuesday Blitz April 11 Late 2023"]
[White "Antonova, Nadezhda"]
[Black "Figorito, Nick"]
[WhiteFideId "14700182"]
[BlackFideId "30923689"]
[WhiteElo "1765"]
[BlackElo "2036"]
[Result "1-0"]
[Round "04"]
[TimeControl "180+2"]
[Date "2023.04.11"]
[WhiteClock "0:00:07"]
[BlackClock "0:00:08"]

1. Nf3 Nf6 2. b3 g6 3. Bb2 Bg7 4. g3 O-O 5. Bg2 c5 6. O-O Nc6 7. c4 d6 8. d4 cxd4 9. Nxd4 Bd7 10. Nf3 a6 11. Nc3 Ne4 12. Rc1 Qa5 13. Qd3 Nxc3 14. Bxc3 Bxc3 15. Qxc3 Qxc3 16. Rxc3 Rfd8 17. Rd1 Bf5 18. Nd4 Nxd4 19. Rxd4 Rab8 20. e4 Bd7 21. Rcd3 Bc6 22. e5 Bxg2 23. Kxg2 b5 24. cxb5 axb5 25. exd6 exd6 26. Rxd6 Rxd6 27. Rxd6 Ra8 28. Rb6 Rxa2 29. Rxb5 h5 30. h4 Rb2 31. Rb6 Kf8 32. Kf3 Ke7 33. Ke3 Kd7 34. b4 Kc7 35. Rf6 Rb3+ 36. Kd2 Rxb4 37. Rxf7+ Kd8 38. Rg7 Rb6 39. Ke3 Ke8 40. Kf4 Kf8 41. Rd7 Rf6+ 42. Kg5 Rxf2 43. Kxg6 Rf3 44. Kxh5 Rxg3 45. Kh6 Kg8 46. Rd8+ Kf7 47. h5 Rg1 48. Rd7+ Kg8 49. Rd6 Ra1 50. Rd8+ Kf7 51. Kh7 Rg1 52. Rd7+ Kf8 53. h6 Rg2 54. Rg7 Rh2 55. Rg3 Rh4 56. Rg5 Rh1 57. Rf5+ Ke7 58. Kg7 Rg1+ 59. Kh8 Rg6 60. Kh7 Rg1 61. Rf4 Rg2 62. Kh8 Rg1 63. h7 Rg2 64. Ra4 Kf7 65. Ra7+ Kf8 66. Ra8+ Kf7 67. Rg8 Rh2 68. Rg7+ Kf8 69. Rg8+ Kf7 70. Rg3 Rh4 71. Rf3+ Kg6 72. Kg8 Ra4 73. h8=Q Ra8+ 74. Rf8 Ra7 75. Qf6+ Kh5 76. Qf5+ Kh6 77. Qf4+ Kg6 78. Rf6+ Kh5 79. Rh6# 1-0


[Site "https://www.chess.com"]